 Dungeon Crawl Stone Soup version 0.14-a0-1388-g200237c (webtiles) character file.

1382 PolkaDot the Conjurer (level 8, 0/52 HPs)
             Began as a Vampire Conjurer on Dec 9, 2013.
             Killed by nerve-wracking pain
             ... invoked by Menkaure
              (8 damage)
             ... on Level 5 of the Dungeon.
             The game lasted 00:41:33 (6260 turns).

PolkaDot the Conjurer (Vampire Conjurer)            Turns: 6260, Time: 00:41:33

HP   0/52        AC  2     Str  7      XL: 8   Next: 19%
MP   6/14        EV 12     Int 24      God:
Gold 200         SH  0     Dex 14      Spells:  3 memorised,  5 levels left

rFire  . . .     SeeInvis +     d - +1,+0 cutlass
rCold  . . .     Clarity  .     a - +0 robe
rNeg   . . .     Conserve .     (no shield)
rPois  .         rCorr    .     (no helmet)
rElec  .         rRot     .     (no cloak)
SustAb . .       Spirit   .     (no gloves)
rMut   .         Warding  .     (no boots)
Saprov . . .     Stasis   .     (no amulet)
                                (no ring)
                                (no ring)

@: regenerating quickly, brilliant, very slightly contaminated, somewhat
resistant to hostile enchantments, stealthy
A: bottle blood, fangs 3, see invisible, unbreathing
a: Bottle Blood


You were on level 5 of the Dungeon.
You were very full.

You visited 1 branch of the dungeon, and saw 5 of its levels.
You also visited: Sewer.

You collected 360 gold pieces.
You spent 160 gold pieces at shops.

Inventory:

Hand weapons
 d - a +1,+0 cutlass (weapon)
Armour
 a - a +0 robe (worn)
 o - a +0 elven leather armour
Scrolls
 e - a scroll of blinking
 j - a scroll of enchant weapon II
 k - 3 scrolls of teleportation
 l - 2 scrolls of amnesia
 r - a scroll of recharging {unknown}
 s - a scroll of curse armour {unknown}
 t - a scroll of enchant weapon I
Potions
 h - a potion of resistance
 i - a potion of restore abilities
 n - a potion of speed
 q - 18 potions of blood
Books
 c - a book of Conjurations

   Spells                             Type                      Level
   *Magic Dart                        Conjuration                  1
   *Searing Ray                       Conjuration                  2
   Dazzling Spray                     Conjuration/Hexes            3
   *Iskenderun's Mystic Blast         Conjuration                  4
   Iskenderun's Battlesphere          Conjuration/Charms           4
   Fulminant Prism                    Conjuration/Hexes            5


   Skills:
 - Level 2.1 Dodging
 - Level 3.0 Stealth
 - Level 2.7 Spellcasting
 * Level 8.0 Conjurations


You had 5 spell levels left.
You knew the following spells:

 Your Spells              Type           Power        Failure   Level  Hunger
a - Magic Dart            Conj           ####         1%          1    None
d - Iskenderun's Mystic   Conj           ######..     1%          4    ####...
s - Searing Ray           Conj           ######       1%          2    ##.....


Dungeon Overview and Level Annotations

Branches:
Dungeon (5/16)
 Temple: D:4-7

Altars:
Cheibriados
Makhleb
Trog
Yredelemnul
the Shining One

Shops:
D:4 /?/

Annotations:
D:5 Menkaure


Innate Abilities, Weirdness & Mutations

Your natural rate of healing is unusually fast.
You can bottle blood from corpses.
You have razor-sharp teeth.*
You have supernaturally acute eyesight.
You can survive without breathing.*


Message History

Casting: Searing Ray
Confirm with . or Enter, or press ? or * to list all spells.
Aiming: Iskenderun's Mystic Blast
Press: ? - help, Shift-Dir - straight line, f - Menkaure
Aim: Menkaure (moving very quickly)
The orb of energy hits Menkaure.
Menkaure is moderately damaged.
The orb of energy explodes!
The giant gecko bites you.
* * * LOW HITPOINT WARNING * * *
Casting: Iskenderun's Mystic Blast
Confirm with . or Enter, or press ? or * to list all spells.
Okay, then.
Read which item? (? for menu, Esc to quit)
Blink to where?
Press: ? - help, Dir - move target cursor, p - Menkaure
As you read the scroll of blinking, it crumbles to dust.
You are very lightly contaminated with residual magic.
Menkaure gestures at you while chanting.
Pain shoots through your body!
You die...

#.# . ...#.....####....
#.# .. ....###.)## .> ..#
#.# ##...###.M#####...
..###.###
##.....##..........
........
..........)#####...
..#...# #.....###.#
..#...# #.....###.#####
......# #..........Ml.#
..#...# #....@##......#
..#...# ####.###......#
<.###.######......#).....#
..# #.....%.......########
### ########......#
#......# ########


You could see Menkaure and a giant gecko.

Vanquished Creatures
  An ice beast (D:5)
  A centaur (D:5)
  3 big kobolds (D:4)
  A giant frog (Sewer)
  An orc priest (D:4)
  2 orc wizards (D:4)
  4 worker ants
  An iguana (D:4)
  10 adders
  9 gnolls (D:4)
  13 giant mites
  5 worms
  A giant eyeball (D:4)
  14 orcs
  11 bats
  30 hobgoblins
  8 jackals
  7 ball pythons (Sewer)
  18 giant cockroaches
  16 giant geckos
  10 giant newts
  35 goblins
  12 kobolds
  2 quokkas
  9 rats
224 creatures vanquished.

Notes
Turn   | Place    | Note
--------------------------------------------------------------
     0 | D:1      | PolkaDot, the Vampire Conjurer, began the quest for the Orb.
     0 | D:1      | Reached XP level 1. HP: 13/13 MP: 3/3
   320 | D:1      | Reached XP level 2. HP: 19/19 MP: 0/4
   324 | D:1      | Learned a level 2 spell: Searing Ray
   979 | D:2      | Reached XP level 3. HP: 11/24 MP: 2/6
  1351 | D:2      | Found a bloodstained altar of Trog.
  1422 | D:2      | Found a basalt altar of Yredelemnul.
  1436 | D:2      | Found a snail-covered altar of Cheibriados.
  1456 | D:2      | Found a glowing golden altar of the Shining One.
  1569 | D:2      | Found a burning altar of Makhleb.
  1569 | D:2      | Noticed a green death
  1572 | D:2      | Noticed a hellwing
  1572 | D:2      | Noticed a hellwing
  1664 | D:2      | Reached XP level 4. HP: 16/30 MP: 1/8
  1763 | D:2      | Reached skill level 4 in Conjurations
  2542 | D:3      | Reached XP level 5. HP: 32/35 MP: 1/9
  2725 | D:3      | Found a glowing drain.
  2729 | Sewer    | Entered a sewer
  3074 | Sewer    | Learned a level 4 spell: Iskenderun's Mystic Blast
  3184 | Sewer    | Reached skill level 5 in Conjurations
  3625 | Sewer    | Reached XP level 6. HP: 41/41 MP: 6/11
  4499 | D:4      | Found Chirrun's Magical Wand Boutique.
  4601 | D:4      | Found Klulizec's Magic Scroll Shoppe.
  4602 | D:4      | Paralysed by a giant eyeball for 4 turns
  4616 | D:4      | Bought a scroll of remove curse for 30 gold pieces
  4616 | D:4      | Bought a scroll of enchant weapon II for 55 gold pieces
  4616 | D:4      | Bought a scroll of enchant weapon I for 55 gold pieces
  4617 | D:4      | Bought a scroll of identify for 20 gold pieces
  4688 | D:4      | Reached skill level 6 in Conjurations
  5058 | D:4      | Found Uni Fomn's Magical Wand Emporium.
  5312 | D:4      | Reached XP level 7. HP: 42/46 MP: 4/13
  5401 | D:4      | HP: 1/46 [orc/orcish short sword (4)]
  5606 | D:4      | Reached skill level 7 in Conjurations
  6106 | D:5      | Entered Level 5 of the Dungeon
  6156 | D:5      | Reached XP level 8. HP: 31/52 MP: 1/14
  6227 | D:5      | Reached skill level 8 in Conjurations
  6239 | D:5      | Noticed Menkaure
  6260 | D:5      | Killed from afar by Menkaure

Action                   |  1- 3 |  4- 6 |  7- 9 || total
-------------------------+-------+-------+-------++-------
Melee: Unarmed           |    30 |    12 |       ||    42
       Trident           |       |   162 |    90 ||   252
       Short sword       |       |       |     5 ||     5
       Cutlass           |       |       |     3 ||     3
 Cast: Magic Dart        |    36 |    12 |       ||    48
       Searing Ray       |    14 |    56 |    21 ||    91
       Iskenderun's Myst |       |       |     3 ||     3
 Abil: Bottle Blood      |       |       |    29 ||    29
  Use: Potion            |     1 |     1 |    19 ||    21
       Scroll            |     5 |    10 |     2 ||    17
 Stab: Sleeping          |       |     3 |     2 ||     5
       Invisible         |       |       |     2 ||     2
       Distracted        |       |       |     1 ||     1
